| TOP OF THE 1ST |
|
Spokane Indians batting - Pitching for Hudson Valley Renegades : RHP Scott Shank
|
|
Pitching: RHP Scott Shank
|
|
|
Batting: RHB Jason Sher
|
0-0: Swinging Strike 0-1: Swinging Strike 0-2: Ball 1-2: SOLO HOME RUN (Flyball, 7LD, EV 93.8 MPH), Distance : 346 ft
|
|
Batting: RHB Salvador Caldera
|
0-0: Called Strike 0-1: Ball 1-1: Fly out, F8 (Flyball, 8LM, EV 82.5 MPH)
|
|
Batting: LHB William Hanley
|
0-0: Ball 1-0: Foul Ball, location: 2F 1-1: Ball 2-1: SINGLE (Line Drive, 6MD, EV 98.8 MPH)
|
|
Batting: LHB Adrian Chavez
|
0-0: Ball 1-0: Fielders Choice at 2nd, 4-6 (Groundball, 4, EV 101.3 MPH)
|
|
Batting: LHB Guo-ning Ren
|
0-0: Ball 1-0: Foul Ball, location: 2F 1-1: Ball Adrian Chavez steals 2nd base 2-1: Foul Ball, location: 2F 2-2: Ball 3-2: Ground out 1-3 (Groundball, 15S, EV 66.3 MPH)
|
| Top of the 1st over - 1 run, 2 hits, 0 errors, 1 left on base; Spokane 1 - Hudson Valley 0 |
| BOTTOM OF THE 1ST |
|
Hudson Valley Renegades batting - Pitching for Spokane Indians : LHP Efraim van der Peet
|
|
Pitching: LHP Efraim van der Peet
|
|
|
Batting: RHB Jesse Haddad
|
0-0: Foul Ball, location: 2F 0-1: Foul Ball, location: 2F 0-2: Ball 1-2: Ball 2-2: Ground out 5-3 (Groundball, 56, EV 80.0 MPH)
|
|
Batting: LHB Mark Marvin
|
0-0: Ball 1-0: SINGLE (Groundball, 25, EV 68.1 MPH) (infield hit)
|
|
Batting: SHB Suljo Dokic
|
0-0: Ball 1-0: Called Strike 1-1: Ball 2-1: Ball 3-1: Fielders Choice at 2nd, 4-6 (Groundball, 4, EV 90.6 MPH)
|
|
Batting: LHB Isaac Bamberg
|
0-0: Ball 1-0: Called Strike 1-1: Ball 2-1: Ball 3-1: Base on Balls Suljo Dokic to second
|
|
Pitching: RHP Cássio Blemarcick
|
|
|
Batting: RHB Freddy Mullen
|
0-0: Ball 1-0: Ball 2-0: SINGLE (Groundball, 56D, EV 103.1 MPH) Suljo Dokic to third Isaac Bamberg to second
|
|
Batting: LHB Killian Chaumont
|
0-0: Ball 1-0: Ball 2-0: Foul Ball, location: 2F 2-1: Called Strike 2-2: Strikes out swinging
|
| Bottom of the 1st over - 0 runs, 2 hits, 0 errors, 3 left on base; Spokane 1 - Hudson Valley 0 |
| TOP OF THE 2ND |
|
Spokane Indians batting - Pitching for Hudson Valley Renegades : RHP Scott Shank
|
|
Batting: RHB Zi-jing Wang
|
0-0: Foul Ball, location: 2F 0-1: SOLO HOME RUN (Flyball, 78XD, EV 108.1 MPH), Distance : 409 ft
|
|
Batting: RHB Dave Brabo
|
0-0: Ball 1-0: Fly out, F7 (Flyball, 78M, EV 89.4 MPH)
|
|
Batting: RHB Knud Prins
|
0-0: Called Strike 0-1: Ball 1-1: Ground out 4-3 (Groundball, 34D, EV 98.1 MPH)
|
|
Batting: RHB Dongdo-pa Mai
|
0-0: Called Strike 0-1: Ball 1-1: Foul Ball, location: 2F 1-2: Foul Ball, location: 2F 1-2: Foul Ball, location: 2F 1-2: Ground out 4-3 (Groundball, 4MD, EV 86.3 MPH)
|
| Top of the 2nd over - 1 run, 1 hit, 0 errors, 0 left on base; Spokane 2 - Hudson Valley 0 |
| BOTTOM OF THE 2ND |
|
Hudson Valley Renegades batting - Pitching for Spokane Indians : RHP Cássio Blemarcick
|
|
Batting: RHB Khalil Walker
|
0-0: Called Strike 0-1: Ball 1-1: Ground out 5-3 (Groundball, 56, EV 98.1 MPH)
|
|
Batting: RHB Jesus Baires
|
0-0: Called Strike 0-1: Ball 1-1: Ball 2-1: Foul Ball, location: 2F 2-2: Foul Ball, location: 2F 2-2: Ball 3-2: Strikes out swinging
|
|
Batting: SHB Josif Popovski
|
0-0: Called Strike 0-1: Ball 1-1: Foul Ball, location: 2F 1-2: Ball 2-2: Strikes out looking
|
| Bottom of the 2nd over - 0 runs, 0 hits, 0 errors, 0 left on base; Spokane 2 - Hudson Valley 0 |
| TOP OF THE 3RD |
|
Spokane Indians batting - Pitching for Hudson Valley Renegades : RHP Scott Shank
|
|
Batting: RHB Jason Sher
|
0-0: Ball 1-0: Foul Ball, location: 2F 1-1: Called Strike 1-2: Strikes out swinging
|
|
Batting: RHB Salvador Caldera
|
0-0: Called Strike 0-1: Called Strike 0-2: Ball 1-2: Ball 2-2: Foul Ball, location: 2F 2-2: Ball 3-2: Foul Ball, location: 2F 3-2: Base on Balls
|
|
Batting: LHB William Hanley
|
0-0: Ball 1-0: Ball Salvador Caldera steals 2nd base 2-0: Ball 3-0: Ground out 4-3 (Groundball, 4, EV 105.0 MPH) Salvador Caldera to third
|
|
Batting: LHB Adrian Chavez
|
0-0: Swinging Strike 0-1: Ball Passed Ball! Salvador Caldera scores 1-1: Ball 2-1: Ball 3-1: Base on Balls
|
|
Batting: LHB Guo-ning Ren
|
0-0: Called Strike Adrian Chavez steals 2nd base 0-1: Called Strike 0-2: Ball 1-2: Ball 2-2: Ball 3-2: DOUBLE (Flyball, 8LXD, EV 107.5 MPH) Adrian Chavez scores
|
|
Batting: RHB Zi-jing Wang
|
0-0: Ground out 6-3 (Groundball, 6, EV 90.0 MPH)
|
| Top of the 3rd over - 2 runs, 1 hit, 0 errors, 1 left on base; Spokane 4 - Hudson Valley 0 |
| BOTTOM OF THE 3RD |
|
Hudson Valley Renegades batting - Pitching for Spokane Indians : RHP Cássio Blemarcick
|
|
Batting: RHB Jesse Haddad
|
0-0: Called Strike 0-1: Ball 1-1: Ground out 5-3 (Groundball, 5L, EV 103.1 MPH)
|
|
Batting: LHB Mark Marvin
|
0-0: Ball 1-0: DOUBLE (Line Drive, 8LD, EV 113.1 MPH)
|
|
Batting: SHB Suljo Dokic
|
0-0: Called Strike 0-1: Ball 1-1: Swinging Strike 1-2: SINGLE (Groundball, 4MD, EV 96.3 MPH) Mark Marvin to third Runner from 3rd tries for Home, SAFE, throw by CF to home
|
|
Batting: LHB Isaac Bamberg
|
0-0: Ball 1-0: Ball 2-0: Ball 3-0: Base on Balls Suljo Dokic to second
|
|
Batting: RHB Freddy Mullen
|
0-0: Ball 1-0: Fielders Choice at 2nd, 5-4 (Groundball, 56S, EV 95.6 MPH) Suljo Dokic to third
|
|
Batting: LHB Killian Chaumont
|
0-0: Ball 1-0: Ground out 4-3 (Groundball, 4, EV 94.4 MPH)
|
| Bottom of the 3rd over - 1 run, 2 hits, 0 errors, 2 left on base; Spokane 4 - Hudson Valley 1 |
| TOP OF THE 4TH |
|
Spokane Indians batting - Pitching for Hudson Valley Renegades : RHP Scott Shank
|
|
Batting: RHB Dave Brabo
|
0-0: Ground out U3 (Groundball, 3, EV 87.5 MPH)
|
|
Batting: RHB Knud Prins
|
0-0: Foul Ball, location: 2F 0-1: Swinging Strike 0-2: Ball 1-2: Strikes out swinging
|
|
Batting: RHB Dongdo-pa Mai
|
0-0: Called Strike 0-1: Ground out 5-3 (Groundball, 56S, EV 88.8 MPH)
|
| Top of the 4th over - 0 runs, 0 hits, 0 errors, 0 left on base; Spokane 4 - Hudson Valley 1 |
| BOTTOM OF THE 4TH |
|
Hudson Valley Renegades batting - Pitching for Spokane Indians : RHP Cássio Blemarcick
|
|
Batting: RHB Khalil Walker
|
0-0: SINGLE (Line Drive, 34, EV 101.9 MPH)
|
|
Batting: RHB Jesus Baires
|
0-0: Ball 1-0: Foul Ball, location: 2F 1-1: Grounds into double play, 6-4-3 (Groundball, 6, EV 105.6 MPH)
|
|
Batting: SHB Josif Popovski
|
0-0: Ball 1-0: Called Strike 1-1: Fly out, F8 (Line Drive, 8RM, EV 86.9 MPH)
|
| Bottom of the 4th over - 0 runs, 1 hit, 0 errors, 0 left on base; Spokane 4 - Hudson Valley 1 |
| TOP OF THE 5TH |
|
Spokane Indians batting - Pitching for Hudson Valley Renegades : RHP Scott Shank
|
|
Batting: RHB Jason Sher
|
0-0: Ball 1-0: Ball 2-0: Foul Ball, location: 2F 2-1: SINGLE (Groundball, 4MS, EV 70.6 MPH) (infield hit)
|
|
Batting: RHB Salvador Caldera
|
0-0: Ball 1-0: Ball 2-0: Ball Jason Sher steals 2nd base 3-0: Base on Balls
|
|
Batting: LHB William Hanley
|
0-0: Called Strike 0-1: Swinging Strike 0-2: Ball 1-2: Fly out, F8 (Flyball, 8RD, EV 101.9 MPH)
|
|
Batting: LHB Adrian Chavez
|
0-0: Ball Jason Sher steals 3rd base Salvador Caldera to second 1-0: Called Strike 1-1: Foul Ball, location: 2F 1-2: Foul Ball, location: 2F 1-2: Foul Ball, location: 2F 1-2: Ball 2-2: Strikes out swinging
|
|
Batting: LHB Guo-ning Ren
|
0-0: Hit by Pitch
|
|
Batting: RHB Zi-jing Wang
|
0-0: Ball 1-0: Fly out, F4 (Line Drive, 4, EV 75.0 MPH)
|
| Top of the 5th over - 0 runs, 1 hit, 0 errors, 3 left on base; Spokane 4 - Hudson Valley 1 |
| BOTTOM OF THE 5TH |
|
Hudson Valley Renegades batting - Pitching for Spokane Indians : RHP Cássio Blemarcick
|
|
Batting: RHB Jesse Haddad
|
0-0: Called Strike 0-1: Ball 1-1: Ball 2-1: Called Strike 2-2: Foul Ball, location: 2F 2-2: Ground out 6-3 (Groundball, 6MS, EV 83.1 MPH)
|
|
Batting: LHB Mark Marvin
|
0-0: Ball 1-0: Fly out, F9 (Flyball, 9LS, EV 76.3 MPH)
|
|
Batting: SHB Suljo Dokic
|
0-0: Called Strike 0-1: Called Strike 0-2: Ball 1-2: Ball 2-2: Strikes out swinging
|
| Bottom of the 5th over - 0 runs, 0 hits, 0 errors, 0 left on base; Spokane 4 - Hudson Valley 1 |
| TOP OF THE 6TH |
|
Spokane Indians batting - Pitching for Hudson Valley Renegades : RHP Scott Shank
|
|
Batting: RHB Dave Brabo
|
0-0: Ball 1-0: Called Strike 1-1: Called Strike 1-2: Ground out U3 (Groundball, 34, EV 85.6 MPH)
|
|
Batting: RHB Knud Prins
|
0-0: Swinging Strike 0-1: Foul Ball, location: 2F 0-2: Strikes out looking
|
|
Batting: RHB Dongdo-pa Mai
|
0-0: Ball 1-0: Foul Ball, location: 2F 1-1: Ground out 4-3 (Groundball, 34D, EV 97.5 MPH)
|
| Top of the 6th over - 0 runs, 0 hits, 0 errors, 0 left on base; Spokane 4 - Hudson Valley 1 |
| BOTTOM OF THE 6TH |
|
Hudson Valley Renegades batting - Pitching for Spokane Indians : RHP Cássio Blemarcick
|
|
Batting: LHB Isaac Bamberg
|
0-0: Called Strike 0-1: Ball 1-1: Ball 2-1: Foul Ball, location: 2F 2-2: Ball 3-2: Foul Ball, location: 2F 3-2: Foul Ball, location: 2F 3-2: Ground out 5-3 (Groundball, 5, EV 103.8 MPH)
|
|
Batting: RHB Freddy Mullen
|
0-0: Ball 1-0: Ball 2-0: Called Strike 2-1: Foul Ball, location: 2F 2-2: Strikes out swinging
|
|
Batting: LHB Killian Chaumont
|
0-0: Foul Ball, location: 2F 0-1: Called Strike 0-2: Strikes out looking
|
| Bottom of the 6th over - 0 runs, 0 hits, 0 errors, 0 left on base; Spokane 4 - Hudson Valley 1 |
| TOP OF THE 7TH |
|
Spokane Indians batting - Pitching for Hudson Valley Renegades : RHP Scott Shank
|
|
Pitching: RHP Chris Marino
|
|
|
Batting: RHB Jason Sher
|
0-0: Ball 1-0: Ground out 6-3 (Groundball, 6, EV 83.1 MPH)
|
|
Batting: RHB Salvador Caldera
|
0-0: Foul Ball, location: 2F 0-1: Ball 1-1: Ball 2-1: Called Strike 2-2: Fly out, F8 (Flyball, 89D, EV 95.6 MPH)
|
|
Batting: LHB William Hanley
|
0-0: Ball 1-0: SINGLE (Groundball, 6MD, EV 109.4 MPH)
|
|
Batting: LHB Adrian Chavez
|
0-0: Ball 1-0: SINGLE (Groundball, 4D, EV 103.8 MPH) William Hanley to second
|
|
Batting: LHB Guo-ning Ren
|
0-0: Called Strike 0-1: Ball 1-1: Ground out U3 (Groundball, 3L, EV 108.1 MPH)
|
| Top of the 7th over - 0 runs, 2 hits, 0 errors, 2 left on base; Spokane 4 - Hudson Valley 1 |
| BOTTOM OF THE 7TH |
|
Hudson Valley Renegades batting - Pitching for Spokane Indians : RHP Cássio Blemarcick
|
|
Pitching: RHP Loeck Bakker
|
|
|
Batting: RHB Khalil Walker
|
0-0: Swinging Strike 0-1: Foul Ball, location: 2F 0-2: Strikes out swinging
|
|
Batting: RHB Jesus Baires
|
0-0: Ball 1-0: Called Strike 1-1: Ground out 5-3 (Groundball, 56S, EV 84.4 MPH)
|
|
Batting: SHB Josif Popovski
|
0-0: Called Strike 0-1: Called Strike 0-2: Foul Ball, location: 2F 0-2: Ball 1-2: Ball 2-2: Ball 3-2: Fly out, F3 (Line Drive, 3, EV 66.9 MPH)
|
| Bottom of the 7th over - 0 runs, 0 hits, 0 errors, 0 left on base; Spokane 4 - Hudson Valley 1 |
| TOP OF THE 8TH |
|
Spokane Indians batting - Pitching for Hudson Valley Renegades : RHP Chris Marino
|
|
Batting: RHB Zi-jing Wang
|
0-0: Called Strike 0-1: SINGLE (Groundball, 3D, EV 107.5 MPH)
|
|
Batting: RHB Dave Brabo
|
0-0: Called Strike Zi-jing Wang steals 2nd base 0-1: Ball 1-1: Called Strike 1-2: Ball 2-2: Foul Ball, location: 2F 2-2: Ball 3-2: Strikes out swinging
|
|
Pinch Hitting: LHB Willie Calderon
|
0-0: Intentional Walk
|
|
Batting: RHB Dongdo-pa Mai
|
0-0: Swinging Strike 0-1: Grounds into double play, 6-4-3 (Groundball, 6, EV 106.9 MPH)
|
| Top of the 8th over - 0 runs, 1 hit, 0 errors, 1 left on base; Spokane 4 - Hudson Valley 1 |
| BOTTOM OF THE 8TH |
|
Hudson Valley Renegades batting - Pitching for Spokane Indians : RHP Loeck Bakker
|
|
Now at 3B: Alex Vasquez
|
|
|
Batting: RHB Jesse Haddad
|
0-0: DOUBLE (Line Drive, 89D, EV 106.3 MPH)
|
|
Batting: LHB Mark Marvin
|
0-0: SINGLE (Line Drive, 34D, EV 96.3 MPH) Jesse Haddad to third Runner from 3rd tries for Home, SAFE, throw by RF to home
|
|
Batting: SHB Suljo Dokic
|
0-0: Grounds into double play, 4-6-3 (Groundball, 4, EV 88.1 MPH)
|
|
Pitching: LHP Aapo Talonen
|
|
|
Batting: RHB Mark Richert
|
0-0: Ball 1-0: Ball 2-0: Ball 3-0: Called Strike 3-1: SINGLE (Line Drive, 8RS, EV 102.5 MPH)
|
|
Pitching: RHP Freddie Deitz
|
|
|
Batting: RHB Freddy Mullen
|
0-0: Swinging Strike 0-1: Ball 1-1: Foul Ball, location: 2F 1-2: Strikes out looking
|
| Bottom of the 8th over - 1 run, 3 hits, 0 errors, 1 left on base; Spokane 4 - Hudson Valley 2 |
| TOP OF THE 9TH |
|
Spokane Indians batting - Pitching for Hudson Valley Renegades : RHP Chris Marino
|
|
Pinch Hitting: LHB Mike Sloan
|
0-0: Ball 1-0: Ball 2-0: Called Strike 2-1: Ball 3-1: Base on Balls
|
|
Batting: RHB Salvador Caldera
|
0-0: SINGLE (Groundball, 56D, EV 95.6 MPH) Mike Sloan to second
|
|
Batting: LHB William Hanley
|
0-0: Grounds into double play, 1-4-3 (Groundball, 15, EV 61.3 MPH) Mike Sloan to third
|
|
Batting: LHB Adrian Chavez
|
0-0: Foul Ball, location: 2F 0-1: Ball 1-1: SINGLE (Line Drive, 78S, EV 107.5 MPH) Mike Sloan scores
|
|
Batting: LHB Guo-ning Ren
|
0-0: Ball Adrian Chavez steals 2nd base 1-0: Ball 2-0: Ball 3-0: Base on Balls
|
|
Batting: RHB Zi-jing Wang
|
0-0: Ball 1-0: Fly out, F9 (Flyball, 89S, EV 81.3 MPH)
|
| Top of the 9th over - 1 run, 2 hits, 0 errors, 2 left on base; Spokane 5 - Hudson Valley 2 |
| BOTTOM OF THE 9TH |
|
Hudson Valley Renegades batting - Pitching for Spokane Indians : RHP Freddie Deitz
|
|
Pitching: RHP Jeff Bliss
|
|
|
Now at 2B: Roberto Monzon
|
|
|
Batting: LHB Killian Chaumont
|
0-0: Ball 1-0: Foul Ball, location: 2F 1-1: Called Strike 1-2: Ball 2-2: Ball 3-2: Foul Ball, location: 2F 3-2: Foul Ball, location: 2F 3-2: Strikes out swinging
|
|
Batting: RHB Khalil Walker
|
0-0: Ball 1-0: Ball 2-0: Ground out 4-3 (Groundball, 34, EV 106.9 MPH)
|
|
Batting: RHB Jesus Baires
|
0-0: Called Strike 0-1: Foul Ball, location: 2F 0-2: Strikes out looking
|
| Bottom of the 9th over - 0 runs, 0 hits, 0 errors, 0 left on base; Spokane 5 - Hudson Valley 2 |
|